 Dungeon Crawl Stone Soup version 0.17-a0-1910-g4c791fa (webtiles) character file.

33 wvc the Cudgeler (level 3, -4/29 HPs)
             Began as a Mummy Chaos Knight on Sept 25, 2015.
             Slain by Crazy Yiuf
             ... wielding a +3 quarterstaff of chaos
              (19 damage)
             ... on level 2 of the Dungeon.
             The game lasted 00:03:08 (1156 turns).

wvc the Cudgeler (Mummy Chaos Knight)               Turns: 1156, Time: 00:03:12

Health: -4/29      AC:  5    Str: 15    XL:     3   Next: 12%
Magic:  3/3        EV: 11    Int: 11    God:    Xom [..*...]
Gold:   74         SH:  0    Dex: 12    Spells: 0 memorised, 2 levels left

rFire  x . .     SeeInvis .     a - +0 mace (chaos)
rCold  + . .     Clarity  .     b - +2 leather armour
rNeg   + + +     SustAt   .     (no shield)
rPois  ∞         Gourm    .     (no helmet)
rElec  .         Spirit   .     (no cloak)
rCorr  .         Warding  .     (no gloves)
rMut   .         Stasis   .     (no boots)
MR     .....                    (no amulet)
Stlth  +.........               (no ring)
                                c - ring of flight

@: not resistant to hostile enchantments, very unstealthy
A: no food or potions, fire vulnerability, cold resistance 1, negative energy
resistance 3, torment resistance, unbreathing
a: Renounce Religion, Evoke Flight


You were on level 2 of the Dungeon.
You worshipped Xom.
You were a toy of Xom.
You were not hungry.

You visited 1 branch of the dungeon, and saw 2 of its levels.

You collected 74 gold pieces.

Inventory:

Hand weapons
 a - a +0 mace of chaos (weapon)
Armour
 b - a +2 leather armour (worn)
Jewellery
 c - a ring of flight (left hand)
Scrolls
 d - 2 scrolls of identify {unknown}
 e - 2 scrolls of fear {unknown}
 f - a scroll of blinking {unknown}
 g - a scroll of recharging {unknown}
 h - a scroll of enchant weapon {unknown}


   Skills:
 - Level 3.0 Fighting
 * Level 3.5 Maces & Flails
 - Level 1.5 Armour
 - Level 0.7 Dodging


You had 2 spell levels left.
You didn't know any spells.

Dungeon Overview and Level Annotations

Branches:
Dungeon (2/15)

Altars:

Annotations:
D:2 Crazy Yiuf


Innate Abilities, Weirdness & Mutations

You do not eat or drink.
Your flesh is vulnerable to fire.
You are immune to poison.
Your flesh is cold resistant.
You are immune to negative energy.
You are immune to unholy pain and torment.
You can survive without breathing.


Message History

No target in view!
No target in view!
Found a mace.
Crazy Yiuf the Enlightened comes into view.
He is wielding a quarterstaff of chaos.
Crazy Yiuf moves out of view.
You start waiting.
Crazy Yiuf closely misses you.
You completely miss Crazy Yiuf.
Crazy Yiuf hits you with a quarterstaff of chaos.
You suddenly lose the ability to move!
Crazy Yiuf hits you with a quarterstaff of chaos.
Crazy Yiuf burns you.
You can move again.
You barely miss Crazy Yiuf.
Crazy Yiuf says, "The present is the child, and the necessary child, of all the past, and the mother of all the future."
Crazy Yiuf hits you with a quarterstaff of chaos!
You are electrocuted!
Ouch! That really hurt!
You die...
Xom bursts into laughter!

#.#....#........####........#
.#.#....#..!..............[..#
.#.#....#.##################.#
.#.#....#†### ###
.#..........# .#.#.####.####♣♣
### .#.#.####.#.#..♣♣ #..)#
.#.#............♣♣♣♣.....#
.#.#######......@♣..♣
.#..........#...♣g♣♣♣
##.###..†...##♣♣♣♣♣
............#
...###....##########
...###########(....#
..>.)........((....#
..####......##.....##
..........).##......#


You could see Crazy Yiuf.

Vanquished Creatures
  A worm (D:2)
  8 bats
  5 kobolds
  A quokka (D:2)
  A ball python (D:2)
  3 giant cockroaches (D:1)
  2 giant newts
  3 goblins
  6 rats
30 creatures vanquished.

Notes
Turn   | Place    | Note
--------------------------------------------------------------
     0 | D:1      | wvc the Mummy Chaos Knight began the quest for the Orb.
     0 | D:1      | Reached XP level 1. HP: 18/18 MP: 1/1
    80 | D:1      | XOM: divination: magic mapping
   394 | D:1      | Reached XP level 2. HP: 24/24 MP: 2/2
   598 | D:1      | XOM: colour smoke trail
   756 | D:1      | XOM: scenery: 3 doors close
  1025 | D:2      | Reached XP level 3. HP: 22/29 MP: 3/3
  1147 | D:2      | Noticed Crazy Yiuf
  1154 | D:2      | Paralysed by Crazy Yiuf for 2 turns
  1156 | D:2      | Slain by Crazy Yiuf

Vault maps used:
D:1:      sevenhm_arrival_forest_fort_large_2, minmay_misc_feat_secret_circle,
          kennysheep_crisscross, hangedman_decor_clover_reticule
D:2:      lemuel_doored_altar, elyvilon_altar_5, uniq_crazy_yiuf_cottage

Action                   || total
-------------------------++-------
Melee: Mace              ||    73
